 Dungeon Crawl Stone Soup version 0.23.0-41-g86b089e62c (webtiles) character file.

Game seed: 13428474487017724009

201 Gargoyl the Skirmisher (level 5, -10/40 HPs)
             Began as a Centaur Abyssal Knight on Feb 28, 2019.
             Was a Believer of Lugonu.
             Mangled by a wyvern (17 damage)
             ... on level 5 of the Dungeon.
             The game lasted 00:05:27 (4058 turns).

Gargoyl the Skirmisher (Centaur Abyssal Knight)     Turns: 4058, Time: 00:05:27

Health: -10/40     AC:  7    Str: 15    XL:     5   Next: 50%
Magic:  7/7        EV:  7    Int: 11    God:    Lugonu [**....]
Gold:   142        SH:  0    Dex:  7    Spells: 4/4 levels left

rFire    + . .     SeeInvis .   d - +0 hand axe (venom)
rCold    . . .     Gourm    .   (no shield)
rNeg     . . .     Faith    .   h - +0 scale mail
rPois    .         Spirit   .   (no helmet)
rElec    .         Reflect  .   p - +0 cloak
rCorr    .         Harm     .   (no gloves)
MR       .....                  (no barding)
Stlth    ..........             (no amulet)
HPRegen  0.13/turn              k - +2 ring of slaying
MPRegen  0.10/turn              l - ring of protection from fire

@: very quick
A: large, hooves 3, clumsy 1, deformed body, speed 2, frail 1, tough skin 3,
subdued magic 1
a: Depart the Abyss, Bend Space, Renounce Religion


You were on level 5 of the Dungeon.
You worshipped Lugonu.
Lugonu was pleased with you.
You were very hungry.

You visited 1 branch of the dungeon, and saw 5 of its levels.
You visited the Abyss 1 time.

You collected 142 gold pieces.

Inventory:

Hand Weapons
 a - a +1 hand axe
 d - a +0 hand axe of venom (weapon)
Missiles
 o - 5 javelins (quivered)
Armour
 h - a +0 scale mail (worn)
 p - a +0 cloak (worn)
Jewellery
 k - a +2 ring of slaying (left hand)
 l - a ring of protection from fire (right hand)
 q - an uncursed ring of positive energy {unknown}
Wands
 g - a wand of digging (4)
 j - a wand of paralysis (10)
Scrolls
 e - 2 scrolls of teleportation
 m - 2 scrolls of identify
 n - a scroll of blinking
Potions
 b - a potion of might
 f - a potion of curing
 i - 2 potions of degeneration {unknown}
Comestibles
 c - 12 rations


   Skills:
 + Level 3.5 Fighting
 + Level 2.8 Axes
 * Level 2.9 Armour
 * Level 1.5 Dodging
 * Level 2.9 Invocations


You had 4 spell levels left.
You didn't know any spells.
Your spell library was empty.

Dungeon Overview and Level Annotations

Branches:
Dungeon (5/15)
 Temple: D:4-7

Altars:


Innate Abilities, Weirdness & Mutations

You have hooves in place of feet.
Armour fits poorly on your strangely shaped body.
You cover ground very quickly.
You have extremely tough skin. (AC +3)
You are clumsy. (Dex -2)
You are frail. (-10% HP)
Your spells are a little easier to cast, but a little less powerful.


Message History

The wyvern bites you.
You hit the wyvern.
The wyvern is lightly wounded.
The wyvern barely misses you. x2
You closely miss the wyvern.
The wyvern is lightly wounded.
The wyvern bites you but does no damage.
The wyvern barely misses you.
You hit the wyvern.
The wyvern is lightly wounded.
The wyvern bites you!
You closely miss the wyvern.
The wyvern is lightly wounded.
The wyvern bites you! x2
* * * LOW HITPOINT WARNING * * *
You barely miss the wyvern.
The wyvern is lightly wounded.
The wyvern bites you but does no damage.
The wyvern bites you!
You die...

#..# #..
#.. #..
#.## #..#
#..# ##<.#
#@..#
#....l...#
##......##
##...###
####


You could see a wyvern.

Vanquished Creatures
  Jessica (D:3)
  A hound skeleton (D:4)
  7 adders
  An ooze (D:3)
  A worm (D:2)
  3 dart slugs
  5 leopard geckos
  5 orcs (D:3)
  A ball python (D:4)
  5 giant cockroaches
  5 goblins
  8 hobgoblins
  6 jackals (D:4)
  3 quokkas (D:3)
  8 bats
  3 frilled lizards
  8 kobolds
  6 rats
77 creatures vanquished.

Vanquished Creatures (others)
  2 starspawn tentacles (Abyss:1)
2 creatures vanquished.

Grand Total: 79 creatures vanquished

Notes
Turn   | Place    | Note
-------+----------+-------------------------------------------
     0 | Abyss:1  | Gargoyl the Centaur Abyssal Knight began the quest for the
                  | Orb.
     0 | Abyss:1  | Reached XP level 1. HP: 19/19 MP: 2/2
    52 | Abyss:1  | Noticed a large abomination
    99 | Abyss:1  | Noticed a small abomination
   107 | Abyss:1  | Found a hazy altar of Hepliaklqana.
   114 | Abyss:1  | Noticed a neqoxec
   118 | Abyss:1  | Gained mutation: You are clumsy. (Dex -2) [a neqoxec]
   124 | Abyss:1  | Noticed an iron imp
   141 | Abyss:1  | Noticed a tentacled starspawn
   143 | Abyss:1  | Gained mutation: Your spells are a little easier to cast,
                  | but a little less powerful. [a neqoxec]
   146 | Abyss:1  | Gained mutation: You are frail. (-10% HP) [a neqoxec]
   150 | Abyss:1  | Noticed a thrashing horror
   181 | Abyss:2  | Found a corrupted altar of Lugonu.
   212 | Abyss:2  | Noticed a crimson imp
   213 | Abyss:2  | Noticed a crimson imp
   213 | Abyss:2  | Noticed an orange demon
   214 | Abyss:2  | Noticed a ynoxinul
   217 | D:1      | Escaped the Abyss
   319 | D:1      | Reached XP level 2. HP: 18/23 MP: 3/3
   338 | D:1      | Reached * piety under Lugonu
  1382 | D:2      | Reached XP level 3. HP: 7/27 MP: 4/4
  1648 | D:2      | Reached skill level 1 in Dodging
  2411 | D:2      | Reached XP level 4. HP: 31/34 MP: 5/5
  2858 | D:3      | Reached ** piety under Lugonu
  3053 | D:3      | Noticed Jessica
  3062 | D:3      | Killed Jessica
  3062 | D:3      | Reached XP level 5. HP: 40/40 MP: 5/7
  4051 | D:5      | Entered Level 5 of the Dungeon
  4051 | D:5      | Noticed a wyvern
  4058 | D:5      | Mangled by a wyvern

Skill      XL: |  1  2  3 |
---------------+----------+-----
Axes           | 2 |  2.8
Armour         | 2 |  2.9
Dodging        | 1 |  1.5
Fighting       | |  3.5
Invocations    | |  2.9

Action                   |  1- 3 |  4- 6 || total
-------------------------+-------+-------++-------
Melee: Hand axe          |   108 |    90 ||   198
       Kick              |    11 |    14 ||    25
Invok: Depart the Abyss  |     1 |       ||     1
  Use: Scroll            |     3 |     5 ||     8
       Potion            |       |     2 ||     2
  Eat: Chunk             |     3 |     3 ||     6
Armor: Leather armour    |    20 |       ||    20
       Scale mail        |    49 |    65 ||   114
       Skin              |       |     3 ||     3
Dodge: Dodged            |    47 |    43 ||    90
